 Dungeon Crawl Stone Soup version 0.24.0-125-gc4c63601f3 (webtiles) character file.

Game seed: 5509374147114761425, levelgen mode: deterministic

134 Frank2 the Cudgeler (level 4, -3/34 HPs)
             Began as a Demonspawn Gladiator on Mar 7, 2020.
             Was an Initiate of Qazlal.
             Killed from afar by Sigmund (9 damage)
             ... with a puff of flame
             ... on level 3 of the Dungeon.
             The game lasted 00:02:59 (1412 turns).

Frank2 the Cudgeler (Demonspawn Gladiator)          Turns: 1412, Time: 00:03:00

Health: -3/34      AC:  7    Str: 17 (18) XL:     4   Next: 95%
Magic:  4/4        EV: 12    Int:  9      God:    Qazlal [......]
Gold:   151        SH:  0    Dex: 14 (16) Spells: 3/3 levels left

rFire    . . .     SeeInvis .   a - +0 flail
rCold    . . .     Gourm    .   (no shield)
rNeg     . . .     Faith    .   k - +0 ring mail
rPois    .         Spirit   .   c - +0 helmet
rElec    .         Reflect  .   i - +0 cloak
rCorr    .         Harm     .   (no gloves)
MR       .....                  (no boots)
Stlth    +.........             (no amulet)
HPRegen  0.11/turn              h - +4 ring of strength
MPRegen  0.09/turn              (no ring)

@: no status effects
A: powered by death 2
a: Renounce Religion


You were on level 3 of the Dungeon.
You worshipped Qazlal.
Qazlal was noncommittal.
You were not hungry.

You visited 1 branch of the dungeon, and saw 3 of its levels.

You collected 151 gold pieces.

Inventory:

Hand Weapons
 a - a +0 flail (weapon)
Missiles
 d - a throwing net (quivered)
Armour
 c - a +0 helmet (worn)
 i - a +0 cloak (worn)
 k - a +0 ring mail (worn)
Jewellery
 h - a +4 ring of strength (left hand)
Scrolls
 b - a scroll of fear {unknown}
 g - a scroll of remove curse
Potions
 e - a potion of ambrosia
Comestibles
 f - 6 rations
 j - 4 chunks of flesh


   Skills:
 + Level 2.4 Fighting
 + Level 3.9 Maces & Flails
 - Level 1.7 Throwing
 + Level 1.6 Armour
 + Level 3.5 Dodging


You had 3 spell levels left.
You didn't know any spells.
Your spell library was empty.

Dungeon Overview and Level Annotations

Branches:
Dungeon (3/15)

Altars:
Qazlal
Vehumet

Annotations:
D:3 Robin, Sigmund


Innate Abilities, Weirdness & Mutations

You regenerate health from kills.


Message History

The goblin hits you with a +0 dagger. The goblin closely misses you.
The goblin hits you but does no damage.
Unknown command.
You closely miss something.
Robin roars a battlecry!
The goblins go into a battle-frenzy!
The hobgoblin hits you with a +0 club. The goblin hits you but does no damage.
Something hits you!
* * * LOW HITPOINT WARNING * * *
The goblin completely misses you. Robin throws the goblin at you!
You barely miss the goblin.
The hobgoblin hits you but does no damage.
The goblin hits you but does no damage. The goblin closely misses you.
The hobgoblin hits you.
* * * LOW HITPOINT WARNING * * *
The goblin closely misses you. Robin hits you but does no damage.
You hear some strange, mumbled words.
A puff of flame appears from out of thin air!
The puff of flame hits you!
You die...

.# #..
.###...
#####..#....
#..........
#........##
#.........##
#..gg.......
#.g@gg..#
#....g{gg..#
#.#...b....#
#...g.g..#
####g..g...
..#..##..
.###.. ...
.. ..# ..


You could see Robin, 4 hobgoblins, 7 goblins and a bat.

Vanquished Creatures
  Crazy Yiuf (D:2)
  5 adders
  An ooze (D:2)
  3 worms (D:2)
  A dart slug (D:1)
  3 leopard geckos
  A ball python (D:1)
  4 bats
  2 giant cockroaches
  5 goblins
  2 hobgoblins (D:2)
  3 jackals (D:2)
  2 quokkas
  2 kobolds
  8 rats
43 creatures vanquished.

Notes
Turn   | Place    | Note
-------+----------+-------------------------------------------
     0 | D:1      | Frank2 the Demonspawn Gladiator began the quest for the
                  | Orb.
     0 | D:1      | Reached XP level 1. HP: 16/16 MP: 1/1
   211 | D:1      | Gained mutation: You regenerate a little health from kills.
                  | [demonic ancestry]
   211 | D:1      | Reached XP level 2. HP: 22/22 MP: 2/2
   651 | D:2      | Gained mutation: You regenerate health from kills. [demonic
                  | ancestry]
   651 | D:2      | Reached XP level 3. HP: 21/27 MP: 3/3
   796 | D:2      | Reached skill level 1 in Armour
   910 | D:2      | Found a runed translucent door.
   911 | D:2      | Noticed Crazy Yiuf
   995 | D:2      | Reached XP level 4. HP: 33/33 MP: 4/4
  1009 | D:2      | Found a radiant altar of Vehumet.
  1116 | D:2      | Found a stormy altar of Qazlal.
  1124 | D:2      | Became a worshipper of Qazlal Stormbringer
  1263 | D:2      | Killed Crazy Yiuf
  1403 | D:3      | Noticed Sigmund
  1404 | D:3      | Noticed Robin
  1412 | D:3      | Killed from afar by Sigmund

Levels and vault maps discovered:
D:1:      minmay_arrival_glassed_features, layout_basic
D:2:      layout_basic, nicolae_overflow_crystal_walls, serial_glass,
          glass_columns_a, glass_columns_a, nicolae_qazlal_eye_of_the_storm,
          uniq_crazy_yiuf_cottage
D:3:      layout_rooms, uniq_robin, uniq_sigmund

Skill      XL: |  1  2  3 |
---------------+----------+-----
Maces & Flails | 3 |  3.9
Dodging        | 3 |  3.5
Armour         | 1 |  1.6
Fighting       | |  2.4
Throwing       | |  1.7

Action                   |  1- 3 |  4- 6 || total
-------------------------+-------+-------++-------
Melee: Flail             |   129 |    45 ||   174
Throw: Throwing net      |       |     4 ||     4
  Use: Scroll            |       |     4 ||     4
       Potion            |       |     4 ||     4
  Eat: Chunk             |       |     2 ||     2
Armor: Leather armour    |    33 |     1 ||    34
       Ring mail         |       |    21 ||    21
Dodge: Dodged            |   105 |    42 ||   147
